 Dungeon Crawl Stone Soup version 0.30-a0-596-g0af90f9a20 (webtiles) character file.

Game seed: 7421481741778141579

325 OTABOTABOTAB the Insei (level 6, -1/38 HPs)
             Began as an Octopode Transmuter on Jan 6, 2023.
             Splashed by a jelly's acid (9 damage)
             ... on level 5 of the Dungeon.
             The game lasted 00:07:31 (3085 turns).

OTABOTABOTAB the Insei (Octopode Transmuter)        Turns: 3085, Time: 00:07:31

Health: -1/38      AC: -7    Str: 10    XL:     6   Next: 48%
Magic:  9/9        EV: 13    Int: 17    God:
Gold:   215        SH:  0    Dex: 18    Spells: 3/9 levels left

rFire   + . .      SeeInvis .    c - +1 morningstar (flame)
rCold   . . .      Faith    .    (no shield)
rNeg    . . .      Spirit   .    (helmet currently unavailable)
rPois   .          Reflect  .    (no amulet)
rElec   .          Harm     .    F - ring of protection from fire {rF+, !d}
rCorr   .          Rampage  .    l - +6 ring of dexterity
Will    .....                    (no ring)
Stlth   +++                      (no ring)
HPRegen 0.26/turn                (no ring)
MPRegen 0.11/turn                (no ring)
                                 (no ring)
                                 (no ring)

@: appendages, corroded
A: tentacle spike 3, almost no armour, amphibious, 8 rings, camouflage 1,
gelatinous body 1, (nimble swimmer 1), tentacles
a: End Transformation


You were on level 5 of the Dungeon.
One of your tentacles had grown a beastly spike.
You visited 1 branch of the dungeon, and saw 5 of its levels.

You collected 215 gold pieces.

Inventory:

Hand Weapons
 c - a +1 morningstar of flaming (weapon)
   (You took it off Blork the orc on level 4 of the Dungeon)
Missiles
 s - 8 stones
Jewellery
 l - a +6 ring of dexterity (right tentacle)
   (You found it on level 4 of the Dungeon)
 F - a ring of protection from fire (left tentacle) {rF+, !d}
   (You found it on level 4 of the Dungeon)
Scrolls
 a - 5 scrolls of enchant weapon
 b - a scroll of silence {unknown}
 g - a scroll of torment {unknown}
 i - 2 scrolls of immolation {unknown}
 j - a scroll of magic mapping {unknown}
 n - a scroll of enchant armour {unknown}
 q - 2 scrolls of teleportation {unknown}
Potions
 f - a potion of ambrosia {unknown}
 k - a potion of mutation {unknown}
 o - a potion of degeneration {!q}
 p - a potion of invisibility {unknown}
 r - a potion of haste {unknown}
 B - 2 potions of brilliance
 J - a potion of curing {@q1}
 N - a potion of heal wounds {@q2}
 P - 2 potions of lignification {!q}


   Skills:
 - Level 1.0 Fighting
 - Level 2.0 Dodging
 + Level 4.7 Unarmed Combat
 - Level 2.0 Spellcasting
 + Level 4.1 Transmutations
 + Level 2.0 Ice Magic
 - Level 3.0 Poison Magic


You had 3 spell levels left.
You knew the following spells:

 Your Spells              Type           Power      Damage    Failure   Level
a - Beastly Appendage     Tmut           30%        N/A       3%          1
b - Wereblood             Tmut           15%        N/A       5%          2
c - Spider Form           Tmut/Pois      13%        N/A       14%         3

Your spell library contained the following spells:

 Spells                   Type           Power      Damage    Failure   Level
 Poisonous Vapours        Pois/Air       12%        N/A       16%         2
 Cigotuvi's Dreadful Rot  Necr/Pois/Air  10%        N/A       19%         2
 Mephitic Cloud           Conj/Pois/Air  5%         N/A       36%         3
 Ice Form                 Ice/Tmut       12%        N/A       47%         4


Dungeon Overview and Level Annotations

Branches:
Dungeon (5/15)
 Temple: D:4-7

Altars:
Fedhas
Hepliaklqana
Qazlal
Sif Muna
Zin


Innate Abilities, Weirdness & Mutations

One of your tentacles has grown a beastly spike.
You cannot wear most types of armour.
You are amphibious.
You can wear up to eight rings at the same time.
Your skin changes colour to match your surroundings (Stealth+).
Your rubbery body absorbs attacks. (AC +1, EV +1)
((You are camouflaged when in or above water. (Stealth+)))
You have tentacles for arms and can constrict up to eight enemies at once.


Message History

It is a scroll of enchant weapon.
Your +0 morningstar of flaming glows red for a moment.
As you read the scroll labelled UCZU CEUHUERIE, it crumbles to dust.
It is a scroll of identify.
m - a potion of heal wounds;
N - a potion of heal wounds
As you read the scroll of identify {@r1}, it crumbles to dust.
o - a potion of degeneration
As you read the scroll of identify {@r1}, it crumbles to dust.
h - a potion of curing;
J - a potion of curing
Okay, then.
Unknown command.
Done exploring.
Done exploring.
Search for what [? for help]? altar Unknown command.
Done exploring.
Done exploring.
Done exploring.
Done exploring.
(D) Dungeon
Where to? (Enter - D:4, ? - help)
Things that are here:
a +1 whip of holy wrath; a kobold corpse
There is a stone staircase leading down here.
You climb downwards.
There is a stone staircase leading up here.
A hound is nearby!
One of your tentacles grows a vicious spike.
The hound barks!
The hound bites you.
You take 3 damage, and have 35/38 hp.
You now have 8/9 mp.
You closely miss the hound. Your grab misses the hound.
Your tentacle spike misses the hound.
The hound closely misses you. x2
You miss the hound. You grab the hound.
You pierce the hound, but do no damage.
You constrict the hound. The hound misses you. The hound closely misses you.
Unknown command.
You sock the hound! You burn the hound.
You pierce the hound.
You kill the hound!
Your Ice Magic skill increases to level 2!
No target in view!
Your tentacle spike disappears.
q - 2 scrolls labelled WUTHRIR JAGISY (gained 1)
You open the door.
There is an open door here.
There is an open door here.
An adder comes into view.
Health restored: 38; MP restored: 9 An adder is nearby!
An adder is nearby!
One of your tentacles grows a vicious spike.
The adder hisses angrily.
You now have 8/9 mp.
The adder bites you.
You take 4 damage, and have 34/38 hp.
You miss the adder. Your grab misses the adder. Your squeeze misses the adder.
The adder closely misses you. The adder bites you.
You are poisoned.
The adder poisons you!
You take 1 damage, and have 33/38 hp.
You closely miss the adder. You grab the adder. You constrict the adder.
You feel sick. The adder barely misses you. The adder closely misses you.
You take 1 damage, and have 32/38 hp.
You hit the adder but do no damage.
Your tentacle spike misses the adder.
You squeeze the adder!
You kill the adder!
You feel sick.
You take 2 damage, and have 30/38 hp.
No target in view!
Your tentacle spike disappears.
You feel sick.
You take 1 damage, and have 29/38 hp.
You feel sick.
You feel sick.
You are no longer poisoned.
You see here an adder corpse.
You now have 208 gold pieces (gained 12).
You now have 215 gold pieces (gained 7).
As you open the door, it creaks loudly!
Health restored: 38; MP restored: 9
There is an open door here.
A jelly comes into view.
A jelly is nearby!
A jelly is nearby!
One of your tentacles grows a vicious spike.
You now have 8/9 mp.
You sock the jelly! You burn the jelly.
Your tentacles burn!
The jelly hits you. The acid corrodes you!
You are splashed with acid!
You take 15 damage, and have 23/38 hp.
MASSIVE DAMAGE!!
You barely miss the jelly. The jelly closely misses you. The jelly misses you.
You hit the jelly but do no damage. The acid corrodes you!
Your tentacles burn!
You pierce the jelly, but do no damage.
You tentacle-slap the jelly. The jelly hits you. The acid corrodes you!
You are splashed with acid!
* * * LOW HITPOINT WARNING * * *
You take 13 damage, and have 11/38 hp.
MASSIVE DAMAGE!!
You completely miss the jelly. The jelly hits you.
* * * LOW HITPOINT WARNING * * *
You are splashed with acid!
You die...

............ ####
............
#...######.#..........
.##.#.......##.##.....#.
........................
##......###.#####.##..#.
........# #.#...#.##..##
.......J# #.+...'.......
.......@###.#...####..##
............##.#...####..##
#.#.###......~...............
#.#.# #.....~~.#.###.........
#.#.# #.....~..#.# ######..##
#####.#.#
####...~.#.########....
≈≈≈#[...#
.....................
...##...#
##....###.#.##.##.....
...##..<# #####
#.#.##.##...##


You could see a jelly.

Vanquished Creatures
  Blork the orc (D:4)
  A hound (D:5)
  An orc priest (D:3)
  2 iguanas (D:4)
  Jessica (D:3)
  4 adders
  2 worms
  A dart slug (D:1)
  3 orcs (D:3)
  7 endoplasms
  5 giant cockroaches
  4 hobgoblins
  5 jackals
  4 quokkas
  9 ball pythons
  4 bats
  4 frilled lizards
  6 goblins
  4 kobolds
  3 rats
71 creatures vanquished.

Notes
Turn   | Place    | Note
-------+----------+-------------------------------------------
     0 | D:1      | OTABOTABOTAB the Octopode Transmuter began the quest for
                  | the Orb.
     0 | D:1      | Reached XP level 1. HP: 13/13 MP: 3/3
   101 | D:1      | Reached XP level 2. HP: 9/18 MP: 3/5
   168 | D:1      | Reached skill level 1 in Poison Magic
   389 | D:1      | Reached XP level 3. HP: 19/23 MP: 4/6
   767 | D:2      | Reached skill level 2 in Poison Magic
  1376 | D:3      | Reached XP level 4. HP: 27/28 MP: 5/7
  1431 | D:3      | Noticed Jessica
  1437 | D:3      | Killed Jessica
  1438 | D:3      | Reached skill level 3 in Transmutations
  1716 | D:3      | Reached skill level 4 in Unarmed Combat
  1716 | D:3      | Reached skill level 3 in Poison Magic
  1716 | D:3      | Reached XP level 5. HP: 17/33 MP: 6/8
  2013 | D:3      | Learned a level 2 spell: Wereblood
  2017 | D:3      | Learned a level 3 spell: Spider Form
  2086 | D:3      | Found a shimmering blue altar of Sif Muna.
  2362 | D:4      | Found a stormy altar of Qazlal.
  2373 | D:4      | Reached skill level 1 in Ice Magic
  2444 | D:4      | Noticed Blork the orc
  2455 | D:4      | Killed Blork the orc
  2456 | D:4      | Reached XP level 6. HP: 28/38 MP: 6/9
  2590 | D:4      | Found a hazy altar of Hepliaklqana.
  2590 | D:4      | Found a faded altar of an unknown god.
  2597 | D:4      | Found a glowing silver altar of Zin.
  2599 | D:4      | Found a blossoming altar of Fedhas.
  2601 | D:4      | Found a faded altar of an unknown god.
  2629 | D:4      | Reached skill level 4 in Transmutations
  2921 | D:5      | Entered Level 5 of the Dungeon
  2926 | D:5      | Reached skill level 2 in Ice Magic
  3085 | D:5      | HP: 8/38 [jelly (3)]
  3085 | D:5      | Splashed by a jelly's acid

Illustrated notes

Levels and vault maps discovered:
D:1:      heliophobic_arrival_henge, layout_rooms
D:2:      layout_rooms, serial_glass, glass_columns_a, glass_columns_b,
          glass_columns_c, glass_columns_a, glass_columns_a, glass_columns_a,
          glass_columns_a, glass_columns_b, glass_columns_a, glass_columns_a,
          glass_columns_a, glass_columns_b, glass_columns_a, glass_columns_b,
          roderic_lattice_a, ebering_dispersal_statue_hall
D:3:      layout_rooms, overflow_temple_1_default, uniq_jessica
D:4:      layout_basic, chequers_temple_overflow_minitemple, old_standard_altar,
          uniq_blork_the_orc
D:5:      cheibrodos_two_vegetables, layout_basic, mainiacjoe_overflow_chevrons,
          minmay_temple_entry_overgrown, serial_rivers,
          chequers_serial_rivers_micro_c, chequers_serial_rivers_room_a,
          chequers_serial_rivers_micro_e, chequers_serial_rivers_micro_b

Skill      XL: |  1  2  3  4  5  6 |
---------------+-------------------+-----
Poison Magic   | 1 2 3 |  3.0
Transmutations | 3 4 |  4.1
Unarmed Combat | 4 |  4.7
Ice Magic      | 1 2 |  2.0
Fighting       | |  1.0
Dodging        | |  2.0
Spellcasting   | |  2.0

Action                   |  1- 3 |  4- 6 || total
-------------------------+-------+-------++-------
Melee: Unarmed           |    91 |    45 ||   136
       Tentacles         |    13 |     8 ||    21
       Constrict         |    17 |    13 ||    30
       Kick              |    21 |    12 ||    33
       Punch             |     5 |     2 ||     7
       Dagger            |       |     5 ||     5
       Morningstar       |       |    18 ||    18
Throw: Stone             |    11 |    10 ||    21
 Cast: Beastly Appendage |    23 |    17 ||    40
       Spider Form       |       |     8 ||     8
 Abil: End Transformatio |    21 |    22 ||    43
  Use: Scroll            |       |     4 ||     4
 Stab: Sleeping          |     2 |     1 ||     3
Armor: Skin              |    11 |     3 ||    14
Dodge: Dodged            |    39 |    43 ||    82

Table legend: (Time is in decaauts)
 A = Elapsed time spent in this place.
 B = Non-inter-level travel time spent in this place.
 C = Inter-level travel time spent in this place.
 D = Time resting spent in this place.
 E = Time spent auto-exploring this place.
 F = Levels seen in this place.
 G = Mean time per level.
                   A        B        C        D        E       F      G
               +--------+--------+--------+--------+--------+-----+--------+
         Total |   3083 |   3006 |     77 |    275 |   2178 |   5 |  616.6 |
       Dungeon |   3083 |   3006 |     77 |    275 |   2178 |   5 |  616.6 |
               +--------+--------+--------+--------+--------+-----+--------+

Top non-repeatable levels by time:
     D:3: 878 daAuts
     D:4: 757 daAuts
     D:2: 684 daAuts
     D:1: 594 daAuts
     D:5: 168 daAuts

Table legend:
 A = Kills in this place as a percentage of kills in entire the game.
 B = Kills by you in this place as a percentage of kills by you in the entire game.
 C = Kills by friends in this place as a percentage of kills by friends in the entire game.
 D = Other kills in this place as a percentage of other kills in the entire game.
 E = Experience gained in this place as a percentage of experience gained in the entire game.
 F = Experience gained in this place divided by the number of levels of this place that you have seen.
                   A       B       C       D       E      F
               +-------+-------+-------+-------+-------+----------------------
         Total | 100.0 | 100.0 |   N/A |   N/A | 100.0 |  93.0
       Dungeon | 100.0 | 100.0 |   N/A |   N/A | 100.0 |  93.0
               +-------+-------+-------+-------+-------+----------------------
